 Dungeon Crawl Stone Soup version 0.32-a0-666-ge8a8869 (webtiles) character file.

Game seed: 13726140579331490740

832 Xoy the Geomancer (level 7, -1/40 HPs)
             Began as a Gargoyle Earth Elementalist on Mar 9, 2024.
             Slain by a wight
             ... wielding a +3 morningstar of freezing
              (12 damage)
             ... in an ossuary.
             The game lasted 00:08:29 (3814 turns).

Xoy the Geomancer (Gargoyle Earth Elementalist)     Turns: 3814, Time: 00:08:29

Health: -1/40      AC:  8    Str: 12    XL:     7   Next: 98%
Magic:  5/10       EV: 11    Int: 17    God:
Gold:   76         SH:  0    Dex: 10    Spells: 9/10 levels left

rFire   . . .        a - +0 dagger (drain)
rCold   . . .        (no shield)
rNeg    + . .        d - +0 robe
rPois   ∞            t - +2 hat
rElec   +            (no cloak)
rCorr   .            (no gloves)
SInv    +            (no boots)
Will    .....        (no amulet)
Stlth   ++           h - ring of see invisible
HPRegen 0.26/turn    (no ring)
MPRegen 0.12/turn

%: no passive effects
@: no status effects
A: sickness immunity, AC +4, negative energy resistance 1, electricity
resistance, torment resistance 1, petrification resistance
a: no special abilities


You were in an ossuary.
You visited 1 branch of the dungeon, and saw 4 of its levels.
You also visited: Ossuary.

You collected 236 gold pieces.
You spent 160 gold pieces at shops.

Inventory:

Hand Weapons
 a - a +0 dagger of draining (weapon)
Armour
 d - a +0 robe (worn)
 t - a +2 hat (worn)
Jewellery
 h - a ring of see invisible (left hand)
Scrolls
 c - 2 scrolls of identify {unknown}
 e - a scroll of enchant weapon {unknown}
 g - 2 scrolls of brand weapon {unknown}
 i - 2 scrolls of teleportation {unknown}
 j - a scroll of fear {unknown}
 k - 2 scrolls of poison {unknown}
 n - a scroll of enchant armour {unknown}
Potions
 b - a potion of lignification {unknown}
 f - a potion of might {unknown}
 l - a potion of experience {unknown}
 m - 3 potions of attraction {unknown}
 o - a potion of brilliance {unknown}
 p - a potion of enlightenment {unknown}
 q - a potion of heal wounds
 r - a potion of curing
 s - 2 potions of mutation


   Skills:
 + Level 2.1 Fighting
 - Level 1.5 Dodging
 - Level 2.1 Stealth
 - Level 2.0 Spellcasting
 * Level 3.5 Conjurations
 - Level 10.0 Earth Magic


You had 9 spell levels left.
You knew the following spells:

 Your Spells              Type           Power      Damage    Failure   Level
a - Sandblast             Erth           70%        2d15      1%          1

Your spell library contained the following spells:

 Spells                   Type           Power      Damage    Failure   Level
 Passwall                 Erth           35%        N/A       1%          3
 Stone Arrow              Conj/Erth      48%        3d10      3%          3
 Brom's Barrelling Bould  Conj/Erth      24%        2d5       12%         4
 Animate Armour           Summ/Erth      36%        N/A       24%         4
 Petrify                  Alch/Erth      18%        N/A       24%         4
 Iskenderun's Battlesphe  Conj           13%        2d7       77%         5
 Fireball                 Conj/Fire      3%         3d4       95%         5
 Conjure Ball Lightning   Conj/Air       3%         3x3d6     100%        6
 Orb of Destruction       Conj           6%         9d6       100%        7
 Lehudib's Crystal Spear  Conj/Erth      12%        10d4      100%        8


Dungeon Overview and Level Annotations

Branches:
Dungeon (4/15) Zot: 20461 Ossuary (1/1) Zot: 5639
 Temple: D:4-7

Altars:
Kikubaaqudgha

Shops:
D:3 !


Innate Abilities, Weirdness & Mutations

You are immune to sickness and miasma.
Your stone body is resilient. (AC +4)
You are immune to poison.
You resist negative energy. (rN+)
You are resistant to electric shocks. (rElec)
You are resistant to unholy torment.
You are immune to petrification.


Message History

The blast of sand hits the wight.
The wight is moderately damaged.
The wight hits you with a +3 morningstar of freezing!
The wight freezes you.
The wight hits you with a +3 morningstar of freezing!
The wight freezes you.
You take 25 HP, and have [15/40] HP !!!!!
HP Warning !!!!!
You lose 1MP, and have [7/10] MP
Casting: Sandblast (safe; 1% risk of failure)
Confirm with . or Enter, or press ? or * to list all spells.
Aiming: Sandblast (safe; 1% risk of failure)
Press: ? - help, Shift-Dir - straight line, f/p - wight
Aim: a wight, wielding a +3 morningstar of freezing and wearing a +0 robe (moderately damaged, 84% to hit)
The blast of sand hits the wight!
The wight is almost destroyed.
The wight hits you with a +3 morningstar of freezing.
The wight freezes you.
* * * LOW HITPOINT WARNING * * *
You take 3 HP, and have [12/40] HP; You lose 1MP, and have [6/10] MP
Casting: Sandblast (safe; 1% risk of failure)
Confirm with . or Enter, or press ? or * to list all spells.
Aiming: Sandblast (safe; 1% risk of failure)
Press: ? - help, Shift-Dir - straight line, f/p - wight
Aim: a wight, wielding a +3 morningstar of freezing and wearing a +0 robe (almost destroyed, 84% to hit)
The blast of sand misses the wight.
The wight hits you but does no damage.
The wight hits you with a +3 morningstar of freezing.
* * * LOW HITPOINT WARNING * * *
The wight freezes you.
* * * LOW HITPOINT WARNING * * *
You take 2 HP, and have [10/40] HP; You lose 1MP, and have [5/10] MP
Casting: Sandblast (safe; 1% risk of failure)
Confirm with . or Enter, or press ? or * to list all spells.
Aiming: Sandblast (safe; 1% risk of failure)
Press: ? - help, Shift-Dir - straight line, f/p - wight
Aim: a wight, wielding a +3 morningstar of freezing and wearing a +0 robe (almost destroyed, 84% to hit)
The blast of sand hits the wight but does no damage.
The wight is almost destroyed.
The wight hits you with a +3 morningstar of freezing!
You die...

#'## #..## +#
##..## #?## ##..#
Z.!# ##.## ...+
#..# ## !?.# #.##
#!##'.# #)# #z#.#
##'## ##@##
####...###.##
#..'...'.'##
#.##...#..## #+#
#'###'###..###.##
##.# ###
##..#...# #..#
##.'...+ ##.##
#.#...# #..#
#.##^##


You could see a wight.

Vanquished Creatures
  Menkaure (D:4)
  A sky beast (D:4)
  A phantom (D:4)
  A wight (Ossuary)
  3 vampire bats (D:3)
  A bombardier beetle (D:3)
  A hound (D:3)
  An orc priest (D:2)
  A spectral scorpion (Ossuary)
  2 centaur skeletons (Ossuary)
  A crocodile zombie (Ossuary)
  3 mummies (Ossuary)
  5 adders
  3 orcs (D:3)
  8 bats
  5 bat skeletons (D:3)
  2 bat zombies (D:3)
  5 endoplasms
  3 giant cockroaches
  3 hobgoblins (D:2)
  2 jackals (D:1)
  4 quokkas
  11 ball pythons
  3 frilled lizards
  10 goblins
  4 kobolds
  2 kobold skeletons (Ossuary)
  2 orc skeletons (Ossuary)
  5 rats
  10 spectral rats (Ossuary)
104 creatures vanquished.

Notes
Turn   | Place    | Note
-------+----------+-------------------------------------------
     0 | D:1      | Xoy the Gargoyle Earth Elementalist began the quest for the
                  | Orb.
     0 | D:1      | Reached XP level 1. HP: 10/10 MP: 3/3
   121 | D:1      | Reached skill level 4 in Earth Magic
   165 | D:1      | Reached XP level 2. HP: 15/15 MP: 0/5
  1050 | D:2      | Reached skill level 5 in Earth Magic
  1050 | D:2      | Reached XP level 3. HP: 19/19 MP: 1/6
  1493 | D:2      | Reached XP level 4. HP: 24/24 MP: 5/7
  1606 | D:2      | Reached skill level 6 in Earth Magic
  2450 | D:3      | Reached XP level 5. HP: 28/28 MP: 3/8
  2612 | D:3      | Found Buasune's Distillery.
  2646 | D:3      | Bought a potion of heal wounds for 50 gold pieces
  2646 | D:3      | Bought a potion of curing for 30 gold pieces
  2646 | D:3      | Bought a potion of mutation for 80 gold pieces
  2660 | D:2      | Reached skill level 7 in Earth Magic
  3047 | D:3      | Found an ancient bone altar of Kikubaaqudgha.
  3050 | D:3      | Reached skill level 8 in Earth Magic
  3050 | D:3      | Reached XP level 6. HP: 32/32 MP: 6/9
  3280 | D:4      | Noticed Menkaure
  3285 | D:4      | Killed Menkaure
  3286 | D:4      | Reached skill level 9 in Earth Magic
  3286 | D:4      | Reached XP level 7. HP: 36/36 MP: 6/10
  3434 | D:4      | Reached skill level 10 in Earth Magic
  3473 | D:4      | Found a sand-covered staircase.
  3478 | Ossuary  | Entered an ossuary
  3566 | Ossuary  | Reached skill level 1 in Fighting
  3814 | Ossuary  | Slain by a wight

Illustrated notes

Levels and vault maps discovered:
D:1:      sevenhm_arrival_forest_fort_large_2, layout_basic,
          minmay_misc_feat_columns
D:2:      layout_basic, minmay_goblin_kobold_house
D:3:      layout_rooms, kennysheep_vampire_church, serial_shops, shop,
          guppyfry_early_lair_pool
D:4:      layout_loops_ring, nicolae_ossuary_entry_false_entrances,
          uniq_duvessa, uniq_menkaure
Ossuary:  ossuary_due_small_catacomb

Skill      XL: |  1  2  3  4  5  6  7 |
---------------+----------------------+-----
Earth Magic    | 4 5 6 8 9 10 | 10.0
Conjurations   | 3 |  3.5
Fighting       | 2 |  2.1
Dodging        | |  1.5
Stealth        | |  2.1
Spellcasting   | |  2.0

Action                     |  1- 3 |  4- 6 |  7- 9 || total
---------------------------+-------+-------+-------++-------
  Melee: Unarmed           |       |     3 |       ||     3
         Dagger            |       |       |     4 ||     4
   Cast: Sandblast         |    42 |    66 |    63 ||   171
    Use: Potion            |       |       |     2 ||     2
 Armour: Robe              |     7 |    19 |    30 ||    56
  Dodge: Dodged            |    10 |    20 |    21 ||    51

Table legend: (Time is in decaauts)
 A = Elapsed time spent in this place.
 B = Non-inter-level travel time spent in this place.
 C = Inter-level travel time spent in this place.
 D = Time resting spent in this place.
 E = Time spent auto-exploring this place.
 F = Levels seen in this place.
 G = Mean time per level.
                   A        B        C        D        E       F      G
               +--------+--------+--------+--------+--------+-----+--------+
         Total |   3897 |   3692 |    205 |    158 |   2781 |   5 |  779.4 |
       Dungeon |   3538 |   3333 |    205 |     35 |   2723 |   4 |  884.5 |
       Ossuary |    358 |    358 |      0 |    123 |     58 |   1 |  358.0 |
               +--------+--------+--------+--------+--------+-----+--------+

Top non-repeatable levels by time:
     D:2: 1513 daAuts
     D:1: 1054 daAuts
     D:3: 762 daAuts
 Ossuary: 358 daAuts
     D:4: 207 daAuts
